 Dungeon Crawl Stone Soup version 0.31.0-11-ge490571c62 (webtiles) character file.

Game seed: 7186562981734476050

60 qw the Shooter (level 3, 0/18 HPs)
             Began as a Spriggan Hunter on Feb 3, 2024.
             Slain by a goblin
             ... wielding a +0 club
             ... led by Robin
              (3 damage)
             ... on level 2 of the Dungeon.
             The game lasted 00:00:03 (994 turns).

qw the Shooter (Spriggan Hunter)                     Turns: 994, Time: 00:00:03

Health: 0/18       AC:  2    Str:  7    XL:     3   Next: 80%
Magic:  4/4        EV: 19    Int: 10    God:
Gold:   100        SH:  0    Dex: 20    Spells: 2/2 levels left

rFire   . . .        a - +0 shortbow
rCold   . . .        (shield currently unavailable)
rNeg    . . .        c - +0 robe
rPois   .            (helmet restricted)
rElec   .            (no cloak)
rCorr   .            (gloves unavailable)
SInv    +            (boots unavailable)
Will    .....        (no amulet)
Stlth   ++           (no ring)
HPRegen 0.23/turn    (no ring)
MPRegen 0.09/turn

%: no passive effects
@: very quick
A: very small, no large weapons, unfitting armour, see invisible, speed 3
a: no special abilities


You were on level 2 of the Dungeon.
You visited 1 branch of the dungeon, and saw 2 of its levels.

You collected 100 gold pieces.


Innate Abilities, Weirdness & Mutations

You are very small and have problems with some larger weapons.
You are too small for most types of armour.
You have supernaturally acute eyesight. (SInv)
You cover ground extremely quickly. (Speed+++)


   Skills:
 - Level 1.5 Fighting
 - Level 5.0 Ranged Weapons
 + Level 4.0 Dodging
 - Level 1.5 Stealth


You had 2 spell levels left.
You didn't know any spells.
Your spell library was empty.

Inventory:

Hand Weapons
 a - a +0 shortbow (weapon)
Armour
 c - a +0 robe (worn)
Scrolls
 d - a scroll of enchant weapon {unknown}
 e - a scroll of teleportation {unknown}
Potions
 b - a potion of haste {unknown}

Dungeon Overview and Level Annotations

Branches:
Dungeon (2/15)

Altars:


Message History

You shoot an arrow.
The arrow hits the goblin but does no damage.
The goblin barely misses you.
You shoot an arrow.
The arrow hits Robin but does no damage.
Robin closely misses you. The goblin completely misses you.
You shoot an arrow. The arrow hits Robin.
Robin is moderately wounded.
Robin throws the goblin at you! The goblin hits you but does no damage.
The goblin closely misses you.
You shoot an arrow. The arrow barely misses Robin.
The goblin completely misses you. The goblin misses you.
You shoot an arrow. The arrow hits Robin.
Robin is heavily wounded.
The goblin hits you with a +0 club. The goblin closely misses you.
Robin misses you. Robin hits you with a +0 dagger.
The goblin closely misses you. The goblin hits you with a +0 club.
You shoot an arrow. The arrow closely misses Robin.
The goblin no longer looks unusually strong.
The goblin misses you. The goblin hits you with a +0 club.
You shoot an arrow. The arrow hits Robin.
Robin is severely wounded.
Robin roars a battlecry!
The goblin goes into a battle-frenzy!
The goblin completely misses you. x2
You shoot an arrow. The arrow hits Robin.
Robin is almost dead.
The goblin completely misses you. The goblin barely misses you.
You shoot an arrow. The arrow hits Robin!
You kill Robin!
The hobgoblin no longer looks unusually strong.
The goblin hits you with a +0 club. The goblin completely misses you.
Your Ranged Weapons skill increases to level 5!
You shoot an arrow. The arrow closely misses the goblin.
The hobgoblin misses you. The goblin misses you.
The goblin hits you with a +0 club.
You shoot an arrow. The arrow hits the goblin.
You kill the goblin!
The hobgoblin misses you. The goblin hits you with a +0 club.
You die...

### #######.#
.....ggg# #@# #)#
#.## #.#### .....#
#....# ### .....#
#....# ###.# .....#
#....###### #...#
.....###
#.........####.#.#
..>....#
##...####.##......
.....#.#
####..[##.#.##......


You could see a hobgoblin and 2 goblins.

Vanquished Creatures
  Robin (D:2)
  An adder (D:2)
  A ribbon worm (D:2)
  A dart slug (D:2)
  4 endoplasms
  A giant cockroach (D:1)
  7 goblins
  7 hobgoblins
  3 ball pythons (D:1)
  A bat (D:1)
  4 frilled lizards
  2 kobolds
  2 rats (D:1)
35 creatures vanquished.

Notes
Turn   | Place    | Note
-------+----------+-------------------------------------------
     0 | D:1      | qw the Spriggan Hunter began the quest for the Orb.
     0 | D:1      | Reached XP level 1. HP: 10/10 MP: 2/2
     0 | D:1      | 0 ||| qw: Version: 0.3-a-155-g5e7d8dd
     0 | D:1      | 0 ||| qw: Game counter: 3480
     0 | D:1      | 0 ||| qw: Melee chars always use a shield: true
     0 | D:1      | 0 ||| qw: God list: Okawaru
     0 | D:1      | 0 ||| qw: Allow faded altars: false
     0 | D:1      | 0 ||| qw: Do Orc after clearing Dungeon:15 true
     0 | D:1      | 0 ||| qw: Do second Lair branch before Depths: true
     0 | D:1      | 0 ||| qw: Lair rune preference: random
     0 | D:1      | 0 ||| qw: Goals: Normal
     0 | D:1      | 0 ||| PLANNING D:1-11
    43 | D:1      | Reached skill level 3 in Dodging
   107 | D:1      | Reached XP level 2. HP: 14/14 MP: 3/3
   568 | D:1      | 568 ||| READING scroll labelled YKHLASI GEUQUUJ.
   569 | D:1      | 569 ||| READING scroll labelled KYESAA ESEIXT.
   569 | D:1      | 569 ||| ENCHANTING +0 shortbow.
   570 | D:1      | 570 ||| READING scroll labelled QODE XIRIHIDUR.
   571 | D:1      | 571 ||| READING scroll labelled IROERI UGUNT.
   571 | D:1      | 571 ||| IDENTIFYING orange potion
   572 | D:1      | 572 ||| DROPPING scroll of butterflies.
   573 | D:1      | 573 ||| DROPPING potion of invisibility.
   622 | D:2      | Reached XP level 3. HP: 18/18 MP: 4/4
   976 | D:2      | Noticed Robin
   992 | D:2      | Killed Robin
   993 | D:2      | Reached skill level 5 in Ranged Weapons
   993 | D:2      | HP: 3/18 [goblin/+0 club[Robin] (2)]
   994 | D:2      | Slain by a goblin

Levels and vault maps discovered:
D:1:      nicolae_arrival_washed_ashore, layout_loops_ring
D:2:      layout_basic, uniq_robin

Skill      XL: |  1  2  3 |
---------------+----------+-----
Dodging        | 3 4 |  4.0
Ranged Weapons | 5 |  5.0
Fighting       | |  1.5
Stealth        | |  1.5

Action                     || total
---------------------------++-------
   Fire: Shortbow          ||    89
    Use: Scroll            ||     4
 Armour: Robe              ||    13
  Dodge: Dodged            ||    32

Table legend:
 A = Non-vault XP
 B = Vault XP
 C = Vault XP percentage of total XP
 D = Non-vault monster count
 E = Vault monster count
 F = Vault count percentage of total count
                 A         B        C        D         E       F
            +---------+---------+-------+---------+---------+-------
      Total |      67 |      20 |  23.0 |      31 |       4 |  11.4
            +---------+---------+-------+---------+---------+-------
        D:1 |      37 |       0 |   0.0 |      23 |       0 |   0.0
        D:2 |      30 |      20 |  40.0 |       8 |       4 |  33.3
            +---------+---------+-------+---------+---------+-------
